 Dungeon Crawl Stone Soup version 0.30.0 (webtiles) character file.

Game seed: 1926024965362861678

522 greasedhog the Shooter (level 7, -5/44 HPs)
             Began as a Gargoyle Hunter on May 7, 2023.
             Was an Initiate of Okawaru.
             Killed by divine providence
             ... invoked by an orc priest
              (14 damage)
             ... on level 5 of the Dungeon.
             The game lasted 00:05:19 (3607 turns).

greasedhog the Shooter (Gargoyle Hunter)            Turns: 3607, Time: 00:05:19

Health: -5/44      AC: 12    Str: 14    XL:     7   Next: 22%
Magic:  7/7        EV: 11    Int: 10    God:    Okawaru [......]
Gold:   299        SH:  0    Dex: 15    Spells: 6/6 levels left

rFire   . . .        a - +0 shortbow
rCold   . . .        (shield currently unavailable)
rNeg    + . .        c - +0 leather armour
rPois   ∞            p - +0 helmet
rElec   +            (no cloak)
rCorr   +            d - +0 pair of gloves
SInv    +            i - +2 pair of boots
Will    .....        (no amulet)
Stlth   ++           e - ring of see invisible
HPRegen 0.27/turn    u - ring of resist corrosion
MPRegen 0.10/turn

%: no passive effects
@: no status effects
A: sickness immunity, AC +4, negative energy resistance 1, electricity
resistance, torment resistance 1, petrification resistance
a: Renounce Religion


You were on level 5 of the Dungeon.
You worshipped Okawaru.
Okawaru was noncommittal.
You visited 2 branches of the dungeon, and saw 6 of its levels.

You collected 299 gold pieces.

Inventory:

Hand Weapons
 a - a +0 shortbow (weapon)
Missiles
 x - a throwing net
Armour
 c - a +0 leather armour (worn)
 d - a +0 pair of gloves (worn)
 i - a +2 pair of boots (worn)
 p - a +0 helmet (worn)
Jewellery
 e - a ring of see invisible (left hand)
 f - a ring of ice
 u - a ring of resist corrosion (right hand)
Wands
 l - a wand of iceblast (3)
Scrolls
 b - a scroll of immolation
 g - 2 scrolls of noise {unknown}
 h - 3 scrolls of teleportation
 n - a scroll of enchant armour
 q - a scroll of torment {unknown}
 s - 2 scrolls of poison {unknown}
 w - a scroll of fear
 y - a scroll of identify
Potions
 j - 2 potions of magic
 k - a potion of invisibility
 m - 4 potions of might
 o - a potion of flight {unknown}
 r - a potion of cancellation {unknown}
 t - 2 potions of resistance {unknown}
 v - a potion of curing {unknown}
 z - a potion of degeneration {unknown}
 A - 2 potions of haste {unknown}


   Skills:
 + Level 5.0 Fighting
 * Level 7.3 Ranged Weapons
 - Level 1.5 Dodging
 - Level 1.1 Stealth


You had 6 spell levels left.
You didn't know any spells.
Your spell library contained the following spells:

 Spells                   Type           Power      Damage    Failure   Level
 Shock                    Conj/Air       0%         1d3       43%         1
 Wereblood                Tmut           0%         N/A       58%         2
 Dazzling Flash           Conj/Hex       0%         N/A       82%         3
 Ignite Poison            Fire/Tmut/Pois 0%         N/A       82%         3
 Swiftness                Air            0%         N/A       82%         3
 Volatile Blastmotes      Fire/Tloc      0%         2d10      82%         3
 Airstrike                Air            0%         2d(0-16)  99%         4
 Iskenderun's Mystic Bla  Conj/Tloc      0%         2d3       99%         4
 Freezing Cloud           Conj/Ice/Air   0%         6-21      100%        5
 Starburst                Conj/Fire      0%         6d3       100%        6
 Cigotuvi's Dreadful Rot  Necr/Pois/Air  Unusable   N/A       N/A         2
 Sublimation of Blood     Necr           Unusable   N/A       N/A         2
 Summon Hydra             Summ           Unusable   N/A       N/A         7

Dungeon Overview and Level Annotations

Branches:
Dungeon (5/15)             Temple (1/1) D:5

Altars:
Ashenzari
Cheibriados
Dithmenos
Elyvilon
Hepliaklqana
Kikubaaqudgha
Makhleb
Nemelex Xobeh
Okawaru
Ru
Sif Muna
Trog
Uskayaw
Vehumet
Wu Jian
Xom
Zin
The Shining One

Shops:
D:1 (   D:2 (

Annotations:
D:3 1 runed translucent door, Crazy Yiuf


Innate Abilities, Weirdness & Mutations

You are immune to sickness and miasma.
Your stone body is resilient. (AC +4)
You are immune to poison.
You resist negative energy. (rN+)
You are resistant to electric shocks. (rElec)
You are resistant to unholy torment.
You are immune to petrification.


Message History

Key pressed, stopping explore.
No target in view!
As you open the door, it creaks loudly!
Found a glowing golden altar of the Shining One.
You see here 4 large rocks.
An orc priest comes into view.
It is wielding a +0 spear and carrying a wand of charming (13).
An orc priest is nearby!
You shoot an arrow. The arrow barely misses the orc priest.
The orc priest shouts!
The orc priest zaps a wand.
Your will is overpowered!
You are confused.
An orc priest comes into view. It is wielding a +0 club.
The orc priest zaps a wand.
You resist with some effort.
You are too confused!
You are too confused!
You are too confused!
You are too confused!
You are too confused!
You are too confused!
You are too confused!
You are too confused!
You are too confused!
You are too confused!
You are too confused!
The orc priest mumbles some strange prayers to Beogh against you.
Beogh smites you!
You hear a shout! x2
The orc priest calls down the wrath of Beogh upon you.
Beogh smites you!
You feel less confused.
The orc priest shouts!
You hear a shout!
A phantom comes into view.
The phantom moves out of view.
The orc priest mumbles some strange prayers to Beogh against you.
Beogh smites you!
* * * LOW HITPOINT WARNING * * *
The orc priest zaps a wand.
You resist with some effort.
The orc priest mumbles some strange prayers to Beogh against you.
Beogh smites you!
You die...

#............# #..............
#........#...# #..............
#...##...#...#####.............
#...#.).###...#..............#.
#).............##.........#.
......#.....#....##...###......
.....###..>..###.....#...##...÷÷
.......#.....#......##..........
...#...........@#...#...........
.## ##...###....##..............
#....#.....##..............
##....#....)W.........#.....
#...........................
>...........................
...#....(.......#......>...
##o..o##.#...#..........
#....###..#......###...


You could see a phantom and 2 orc priests.

Vanquished Creatures
  An ogre (D:5)
  A scorpion (D:4)
  2 hounds
  Ijyb (D:3)
  An iguana (D:4)
  10 adders
  3 gnolls (D:5)
  2 river rats (D:3)
  An ufetubus (D:5)
  2 worms (D:2)
  A dart slug (D:4)
  7 orcs
  8 ball pythons
  6 bats
  5 endoplasms
  7 giant cockroaches
  14 goblins
  15 hobgoblins
  4 jackals (D:5)
  4 quokkas
  3 frilled lizards (D:1)
  9 kobolds
  7 rats
114 creatures vanquished.

Notes
Turn   | Place    | Note
-------+----------+-------------------------------------------
     0 | D:1      | greasedhog the Gargoyle Hunter began the quest for the Orb.
     0 | D:1      | Reached XP level 1. HP: 12/12 MP: 1/1
   114 | D:1      | Reached XP level 2. HP: 18/18 MP: 2/2
   322 | D:1      | Reached XP level 3. HP: 19/22 MP: 3/3
   335 | D:1      | Found Icuh's Weapon Emporium.
   875 | D:2      | Reached skill level 5 in Ranged Weapons
   903 | D:2      | Reached XP level 4. HP: 28/28 MP: 4/4
  1021 | D:2      | Found Xumenab's Weapon Shoppe.
  1430 | D:3      | Noticed Ijyb
  1507 | D:2      | Reached XP level 5. HP: 24/32 MP: 5/5
  1548 | D:3      | Killed Ijyb
  2030 | D:3      | Found a runed translucent door.
  2031 | D:3      | Noticed Crazy Yiuf
  2095 | D:3      | Reached skill level 6 in Ranged Weapons
  2399 | D:4      | Reached XP level 6. HP: 38/38 MP: 6/6
  2869 | D:5      | Entered Level 5 of the Dungeon
  2922 | D:5      | Found a staircase to the Ecumenical Temple.
  2937 | D:5      | Reached skill level 7 in Ranged Weapons
  2937 | D:5      | Reached XP level 7. HP: 23/44 MP: 7/7
  3020 | Temple   | Entered the Ecumenical Temple
  3315 | Temple   | Became a worshipper of Warmaster Okawaru
  3396 | D:5      | Reached skill level 5 in Fighting
  3571 | D:5      | Found a glowing golden altar of the Shining One.
  3607 | D:5      | Killed from afar by an orc priest

Illustrated notes

Levels and vault maps discovered:
D:1:      minmay_arrival_diagonal_passages, layout_basic, serial_shops,
          nicolae_shop_bloodbath_and_beyond
D:2:      minmay_diamond_boxcup, layout_loops_cross, serial_shops, shop,
          minmay_tetromino_i4
D:3:      layout_basic, portal_sewer_entry_a, due_unseen_surprise, uniq_ijyb,
          uniq_crazy_yiuf_cottage
D:4:      layout_cave_pools
D:5:      layout_cave_pools, tso_oasis_becter, minmay_temple_entry_tees,
          kennysheep_big_empty_room, grunt_decor_resistance
Temple:   minmay_temple_bridge_d

Skill      XL: |  1  2  3  4  5  6  7 |
---------------+----------------------+-----
Fighting       | 3 4 5 |  5.0
Ranged Weapons | 5 6 7 |  7.3
Dodging        | |  1.5
Stealth        | |  1.1

Action                     |  1- 3 |  4- 6 |  7- 9 || total
---------------------------+-------+-------+-------++-------
   Fire: Shortbow          |   146 |   254 |    18 ||   418
    Use: Scroll            |       |     6 |       ||     6
 Armour: Leather armour    |    41 |    91 |     5 ||   137
  Dodge: Dodged            |    50 |    98 |     8 ||   156
